 Dungeon Crawl Stone Soup version 0.22.1 (webtiles) character file.

81 Heatsaber the Charmwright (level 4, -7/23 HPs)
             Began as a Vine Stalker Skald on Sept 18, 2018.
             Killed from afar by an orc wizard (13 damage)
             ... with a puff of frost
             ... on level 3 of the Dungeon.
             The game lasted 00:08:44 (2064 turns).

Heatsaber the Charmwright (Vine Stalker Skald)      Turns: 2064, Time: 00:08:45

Health: -7/23      AC:  5    Str: 15    XL:     4   Next: 42%
Magic:  0/8        EV: 12    Int: 13    God:
Gold:   83         SH:  0    Dex: 13    Spells: 4/7 levels left

rFire    . . .     SeeInvis .   a - +0 hand axe
rCold    . . .     Gourm    .   (no shield)
rNeg     . . .     Faith    .   b - +0 leather armour
rPois    .         Spirit   +   c - +0 helmet
rElec    .         Reflect  .   (no cloak)
rCorr    .         Harm     .   (no gloves)
MR       .....                  p - +0 pair of boots
Stlth    ++........             (no amulet)
HPRegen  0.47/turn              f - ring of stealth
MPRegen  0.11/turn              g - ring of wizardry

@: infused
A: fangs 2, regeneration 1, magic shield, antimagic bite, no potion heal 3, rot
immunity
a: no special abilities


You were on level 3 of the Dungeon.
You were hungry.

You visited 1 branch of the dungeon, and saw 3 of its levels.

You collected 83 gold pieces.

Inventory:

Hand Weapons
 a - a +0 hand axe (weapon)
Armour
 b - a +0 leather armour (worn)
 c - a +0 helmet (worn)
 p - a +0 pair of boots (worn)
Jewellery
 f - a ring of stealth (left hand)
 g - a ring of wizardry (right hand)
Scrolls
 e - a scroll of immolation {unknown}
 h - 3 scrolls of teleportation {unknown}
 j - 2 scrolls of identify {unknown}
 n - a scroll of magic mapping {unknown}
Potions
 i - a potion of berserk rage {unknown}
 k - a potion of mutation {unknown}
 l - a potion of lignification {unknown}
 m - a potion of curing {unknown}
 o - a potion of resistance {unknown}
 q - a potion of haste {unknown}
Comestibles
 d - 7 rations


   Skills:
 - Level 1.7 Fighting
 * Level 3.5 Axes
 - Level 0.7 Armour
 - Level 1.5 Dodging
 - Level 2.1 Spellcasting
 + Level 3.7 Charms


You had 4 spell levels left.
You knew the following spells:

 Your Spells              Type           Power        Failure   Level  Hunger
a - Infusion              Chrm           ##..         2%          1    ##.....
b - Song of Slaying       Chrm           ##......     4%          2    ###....

Your spell library contained the following spells:

 Spells                   Type           Power        Failure   Level  Hunger
 Shroud of Golubria       Chrm/Tloc      #.........   9%          2    ###....
 Regeneration             Chrm/Necr      #.........   16%         3    ####...
 Spectral Weapon          Hex/Chrm       #.......     16%         3    ####...


Dungeon Overview and Level Annotations

Branches:
Dungeon (3/15)

Altars:


Innate Abilities, Weirdness & Mutations

You have extremely sharp teeth.
Your natural rate of healing is unusually fast.
When hurt, damage is shared between your health and your magic reserves.
Your bite disrupts and absorbs the magic of your enemies.
Potions cannot restore your health.
You are immune to rotting.


Message History

The orc wizard points at you and mumbles some strange words.
The puff of flame hits you!
You hit the orc wizard.
The orc wizard is heavily wounded.
The orc wizard barely misses you.
You hit the orc wizard. Your bite misses the orc wizard.
The orc wizard is severely wounded.
The orc wizard hits you but does no damage.
The orc wizard barely misses you.
You hit the orc wizard but do no damage.
The orc wizard is severely wounded.
The orc wizard casts a spell at you. The puff of flame misses you.
The orc wizard hits you with a dagger.
* * * LOW HITPOINT WARNING * * *
You hit the orc wizard. Your bite misses the orc wizard.
The orc wizard is severely wounded.
The orc wizard casts a spell at you. The puff of frost hits you!
Ouch! That really hurt!
You die...

........#.[(..#
#........
........#.....#
#...♣....
........#.....#
#.)♣.♣...
........'..##.#
#.♣._.♣
........#####.#
#..♣.♣ .#
........#
#.####...♣....
........#
#...##.......#
#########
###.##.#######
#.@o.# ######


You could see an orc wizard.

Vanquished Creatures
  2 adders (D:2)
  An ooze (D:1)
  A worm (D:2)
  A dart slug (D:2)
  3 leopard geckos (D:1)
  3 orcs (D:3)
  5 bats (D:1)
  3 giant cockroaches (D:1)
  3 goblins
  6 hobgoblins
  4 jackals (D:2)
  A quokka (D:3)
  A ball python (D:2)
  2 frilled lizards
  5 kobolds
  5 rats
46 creatures vanquished.

Notes
Turn   | Place    | Note
-------+----------+-------------------------------------------
     0 | D:1      | Heatsaber the Vine Stalker Skald began the quest for the
                  | Orb.
     0 | D:1      | Reached XP level 1. HP: 11/11 MP: 4/4
    94 | D:1      | Reached XP level 2. HP: 10/15 MP: 6/6
   574 | D:1      | Learned a level 2 spell: Song of Slaying
   643 | D:1      | Reached XP level 3. HP: 13/18 MP: 7/7
  1146 | D:2      | Gained mutation: Your natural rate of healing is unusually
                  | fast. [Vine Stalker growth]
  1146 | D:2      | Reached XP level 4. HP: 12/23 MP: 8/8
  2030 | D:3      | Found a faded altar of an unknown god.
  2064 | D:3      | Killed from afar by an orc wizard

Skill      XL: |  1  2  3 |
---------------+----------+-----
Axes           | 2 3 |  3.5
Fighting       | |  1.7
Armour         | |  0.7
Dodging        | |  1.5
Spellcasting   | |  2.1
Charms         | |  3.7

Action                   |  1- 3 |  4- 6 || total
-------------------------+-------+-------++-------
Melee: Hand axe          |   121 |    48 ||   169
       Bite              |    21 |    16 ||    37
 Cast: Song of Slaying   |     1 |       ||     1
       Infusion          |       |     2 ||     2
 Stab: Sleeping          |     2 |     1 ||     3
       Distracted        |       |     1 ||     1
  Eat: Chunk             |     1 |     2 ||     3
Armor: Leather armour    |    44 |    13 ||    57
Dodge: Dodged            |    81 |    27 ||   108
